 Dungeon Crawl Stone Soup version 0.24-a0-725-gf1a930fc54 (webtiles) character file.

Game seed: 2259458820821300063, levelgen mode: deterministic

135 Kairok the Sneak (level 5, 0/27 HPs)
             Began as a Vine Stalker Assassin on Oct 1, 2019.
             Slain by a gnoll
             ... wielding a +0 spear
              (3 damage)
             ... on level 4 of the Dungeon.
             The game lasted 00:05:00 (2072 turns).

Kairok the Sneak (Vine Stalker Assassin)            Turns: 2072, Time: 00:05:00

Health: 0/27       AC:  4    Str: 13    XL:     5   Next: 18%
Magic:  0/6        EV: 12    Int: 11    God:
Gold:   130        SH:  0    Dex: 17    Spells: 4/4 levels left

rFire    + . .     SeeInvis .   a - +2 dagger
rCold    + . .     Gourm    .   (no shield)
rNeg     . . .     Faith    .   v - +0 leather armour (curse)
rPois    .         Spirit   +   (no helmet)
rElec    .         Reflect  .   g - scarf {rC+ rF+}
rCorr    .         Harm     .   j - +0 pair of gloves
MR       .....                  (no boots)
Stlth    +++.......             (no amulet)
HPRegen  0.49/turn              (no ring)
MPRegen  0.10/turn              (no ring)

@: no status effects
A: fangs 2, regeneration 1, magic shield, antimagic bite, no potion heal 3, rot
immunity
a: no special abilities


You were on level 4 of the Dungeon.
You were near starving.

You visited 1 branch of the dungeon, and saw 4 of its levels.

You collected 130 gold pieces.

Inventory:

Hand Weapons
 a - a +2 dagger (weapon)
 h - a -3 dagger
Missiles
 d - 37 poisoned darts (quivered)
 e - 4 curare-tipped darts
 k - 3 javelins
Armour
 b - a +0 robe
 c - a +0 cloak
 g - a scarf of resistance (worn)
 j - a +0 pair of gloves (worn)
 m - a +0 leather armour
 v - a cursed +0 leather armour (worn)
Wands
 p - a wand of iceblast (6)
Scrolls
 i - 2 scrolls of noise {unknown}
 o - 3 scrolls of remove curse
 q - a scroll of teleportation {unknown}
 t - a scroll of identify {unknown}
Potions
 l - 4 potions of curing
 n - a potion of flight
 r - a potion of cancellation {unknown}
 s - 2 potions of haste
 u - a potion of invisibility {unknown}
 w - a potion of brilliance
Comestibles
 f - 5 rations


   Skills:
 + Level 2.7 Fighting
 + Level 2.4 Short Blades
 + Level 1.9 Throwing
 + Level 0.7 Armour
 + Level 1.6 Dodging
 + Level 6.0 Stealth


You had 4 spell levels left.
You didn't know any spells.
Your spell library contained the following spells:

 Spells                   Type           Power        Failure   Level  Hunger
 Beastly Appendage        Tmut           #.....       41%         1    ##.....
 Sticks to Snakes         Tmut           #.......     56%         2    ###....
 Spider Form              Tmut/Pois      #.........   80%         3    ####...
 Ice Form                 Ice/Tmut       #.......     99%         4    #####..
 Blade Hands              Tmut           #.........   100%        5    ######.


Dungeon Overview and Level Annotations

Branches:
Dungeon (4/15)
 Temple: D:4-7

Altars:
Elyvilon
Sif Muna
Zin
The Shining One


Innate Abilities, Weirdness & Mutations

You have extremely sharp teeth.
Your natural rate of healing is unusually fast.
When hurt, damage is shared between your health and your magic reserves.
Your bite disrupts and absorbs the magic of your enemies.
Potions cannot restore your health.
You are immune to rotting.


Message History

* * * LOW HITPOINT WARNING * * *
The gnoll hits you from afar with a +0 spear.
* * * LOW HITPOINT WARNING * * *
Evoke which item? (* to show all) (? for menu, Esc to quit)
Aiming: Iceblast
Press: ? - help, Shift-Dir - straight line, f - gnoll
Aim: a gnoll, wielding a +0 spear The mass of ice explodes!
The iceblast engulfs the gnoll!
The gnoll is almost dead.
The gnoll hits you from afar with a +0 halberd.
* * * LOW HITPOINT WARNING * * *
A worker ant comes into view.
The worker ant twitches its antennae in your direction.
The worker ant barely misses you. The worker ant closely misses you.
The worker ant completely misses you.
Found a stone staircase leading down.
The gnoll hits you from afar with a +0 spear.
* * * LOW HITPOINT WARNING * * *
The gnoll hits you from afar with a +0 spear.
You die...

#### ...
#####.#
#.....######
#.##.......>
#gg.a.......
#.##@#######
#.##.# #g##.#
#.##.# #.##.#
#..#.# #..#.#
#..#.##
###.....#####


You could see a worker ant and 2 gnolls.

Vanquished Creatures
  5 adders
  An ooze (D:3)
  2 worms (D:3)
  2 dart slugs (D:1)
  6 leopard geckos
  2 orcs (D:3)
  3 giant cockroaches
  6 goblins
  11 hobgoblins
  A ball python (D:3)
  10 bats
  5 frilled lizards
  9 kobolds
  5 rats
68 creatures vanquished.

Notes
Turn   | Place    | Note
-------+----------+-------------------------------------------
     0 | D:1      | Kairok the Vine Stalker Assassin began the quest for the
                  | Orb.
     0 | D:1      | Reached XP level 1. HP: 11/11 MP: 2/2
    24 | D:1      | Reached skill level 5 in Stealth
    86 | D:1      | Reached XP level 2. HP: 10/15 MP: 3/3
   378 | D:1      | Reached XP level 3. HP: 14/18 MP: 2/4
   425 | D:1      | Reached skill level 1 in Dodging
   827 | D:2      | Gained mutation: Your natural rate of healing is unusually
                  | fast. [Vine Stalker growth]
   827 | D:2      | Reached XP level 4. HP: 13/23 MP: 5/5
  1071 | D:2      | Reached skill level 6 in Stealth
  1467 | D:3      | Reached XP level 5. HP: 26/27 MP: 6/6
  1493 | D:3      | Found a shimmering blue altar of Sif Muna.
  1870 | D:3      | Found a glowing golden altar of the Shining One.
  1874 | D:3      | Found a glowing silver altar of Zin.
  1876 | D:3      | Found a white marble altar of Elyvilon.
  2072 | D:4      | Slain by a gnoll

Levels and vault maps discovered:
D:1:      elethiomel_arrival_quiet, layout_rooms
D:2:      layout_rooms, due_unseen_surprise
D:3:      layout_loops_ring, good_gods_mini_temple, minmay_misc_feat_encased,
          tgw_sif
D:4:      layout_loops_ring, first_ration

Skill      XL: |  1  2  3  4 |
---------------+-------------+-----
Stealth        | 5 6 |  6.0
Short Blades   | 2 |  2.4
Fighting       | 2 |  2.7
Dodging        | 1 |  1.6
Throwing       | |  1.9
Armour         | |  0.7

Action                   |  1- 3 |  4- 6 || total
-------------------------+-------+-------++-------
Melee: Dagger            |   108 |    94 ||   202
       Bite              |    16 |    24 ||    40
Throw: Dart              |     2 |       ||     2
Evoke: Wand              |       |     2 ||     2
  Use: Scroll            |     4 |     1 ||     5
       Potion            |       |     4 ||     4
 Stab: Sleeping          |     5 |     5 ||    10
       Distracted        |     1 |       ||     1
  Eat: Chunk             |       |     2 ||     2
Armor: Robe              |     5 |       ||     5
       Leather armour    |    26 |    33 ||    59
Dodge: Dodged            |    74 |    80 ||   154

Table legend:
 A = Non-vault XP
 B = Vault XP
 C = Vault XP percentage of total XP
 D = Non-vault monster count
 E = Vault monster count
 F = Vault count percentage of total count
                 A         B        C        D         E       F
            +---------+---------+-------+---------+---------+-------
      Total |     193 |       0 |   0.0 |      68 |       0 |   0.0
            +---------+---------+-------+---------+---------+-------
        D:1 |      51 |       0 |   0.0 |      28 |       0 |   0.0
        D:2 |      51 |       0 |   0.0 |      17 |       0 |   0.0
        D:3 |      91 |       0 |   0.0 |      23 |       0 |   0.0
            +---------+---------+-------+---------+---------+-------
